 Dungeon Crawl Stone Soup version 0.14.1 (webtiles) character file.

14678 Heini the Severer (level 12, -5/110 HPs)
             Began as a Hill Orc Fighter on Apr 30, 2014.
             Was a High Priest of Okawaru.
             Slain by a seven-headed hydra (8 damage)
             ... on Level 1 of the Lair of Beasts on May 1, 2014.
             The game lasted 01:04:24 (12539 turns).

Heini the Severer (Hill Orc Fighter)               Turns: 12539, Time: 01:04:25

HP  -5/110       AC 17     Str 24      XL: 12   Next:  6%
MP   0/13        EV 10     Int  8      God: Okawaru [*****.]
Gold 1221        SH 20     Dex 15      Spells:  0 memorised, 11 levels left

rFire  . . .     SeeInvis .     O - +1,+3 flail
rCold  . . .     Clarity  .     H - +1 plate armour
rNeg   . . .     Conserve .     c - +0 shield
rPois  +         rCorr    .     (no helmet)
rElec  .         rRot     .     n - +0 cloak
SustAb . .       Spirit   +     (no gloves)
rMut   .         Warding  .     (no boots)
Saprov + . .     Stasis   .     t - amulet of guardian spirit
MR     .....                    g - +1 ring of evasion
                                M - ring of poison resistance

@: exhausted, agile, slowed, drained, very slow, not resistant to hostile
enchantments, extremely unstealthy
A: saprovore 1
a: Heroism, Finesse, Renounce Religion


You were on level 1 of the Lair of Beasts.
You worshipped Okawaru.
Okawaru was extremely pleased with you.
You were hungry.

You visited 4 branches of the dungeon, and saw 16 of its levels.
You also visited: Ossuary.

You collected 1221 gold pieces.

Inventory:

Hand weapons
 N - the +8,+4 war axe "Ultimatum" {chop, +Blink rF+}
   (You found it on level 7 of the Dungeon)

   It inflicts extra damage upon your enemies.
   It protects you from fire.
   It lets you blink.
 O - a +1,+3 flail (weapon)
Armour
 c - a +0 shield (worn)
 n - a +0 cloak (worn)
 F - the -3 pair of gloves of Satisfaction {Str-3 Dex-2}
   (Okawaru gifted it to you on level 9 of the Dungeon)

   It affects your strength (-3).
   It affects your dexterity (-2).
 H - a +1 plate armour (worn)
Magical devices
 y - a wand of paralysis (5)
 z - a wand of lightning (2)
 A - a wand of frost (9)
 I - a wand of digging (3)
 S - a wand of fire (3)
 T - a wand of cold (6)
Comestibles
 b - a rambutan
 d - 5 meat rations
 h - an apple
 i - 10 bread rations
 m - 2 chokos
 p - a chunk of goblin flesh
 G - 17 strawberries
 U - 6 honeycombs
 V - 3 beef jerkies
 W - 3 lemons
 Y - a royal jelly
Scrolls
 f - 7 scrolls of teleportation
 j - a scroll of magic mapping
 o - 11 scrolls of remove curse
 r - a scroll of fear
 x - a scroll of blinking
 E - a scroll of fog
 K - 2 scrolls of enchant armour
Jewellery
 g - a +1 ring of evasion (right hand)
 l - an uncursed ring of poison resistance
 t - an amulet of guardian spirit (around neck)
 L - a cursed amulet of clarity
 M - a ring of poison resistance (left hand)
 X - an uncursed ring of protection from cold
Potions
 k - a potion of invisibility
 s - a potion of brilliance
 u - 2 potions of porridge
 v - a potion of agility
 w - 2 potions of flight
 B - a potion of magic
 C - 2 potions of restore abilities
 D - 2 potions of mutation
 J - 4 potions of curing


   Skills:
 * Level 11.4(11.0) Fighting
 * Level 16.3(15.9) Axes
 * Level 11.4(11.0) Armour
 - Level 3.2(2.9) Shields
 + Level 1.0(0.7) Invocations
 + Level 0.7(0.4) Evocations


You had 11 spell levels left.
You didn't know any spells.

Dungeon Overview and Level Annotations

Branches:
Dungeon (10/15)            Temple (1/1) D:5             Orc (4/4) D:10
    Elf (0/3) Orc:3          Lair (1/8) D:9

Altars:
Ashenzari
Cheibriados
Dithmenos
Elyvilon
Fedhas
Kikubaaqudgha
Makhleb
Nemelex Xobeh
Okawaru
Sif Muna
Trog
Xom
Yredelemnul
The Shining One

Shops:
D:5 %   Orc:1 [   Orc:3 :   Orc:4 =[


Innate Abilities, Weirdness & Mutations

You can tolerate rotten meat.


Message History

The seven-headed hydra closely misses you.
You block the seven-headed hydra's attack.
The seven-headed hydra bites you but does no damage.
You feel a strong urge to attack something.
You feel your anger subside.
You are no longer berserk.
You are exhausted.
You feel yourself slow down.
You are feeling hungry.
Drink which item? (? for menu, Esc to quit)
You feel agile all of a sudden.
The seven-headed hydra bites you but does no damage. x2
You block the seven-headed hydra's attack.
The seven-headed hydra barely misses you.
You block the seven-headed hydra's attack. x2
The seven-headed hydra bites you but does no damage.
The seven-headed hydra bites you.
* * * LOW HITPOINT WARNING * * *
The seven-headed hydra bites you!
You die...

# #..####.........##...##....
#######....##.<.......##.#...#...
...........f#.........##.....#.##
......................##.#.#...P#
#.#.###....#..........##.#.#.####
#.#.# ##.####..........#.#.#.#
f.#.# ### ##.#.#.#####.#...#
#.#.# ###D#.# #.#.... #.#.# #####
##@#.## #......
#.f.#####.#.###f)...# ####..#
#.f..............#.## ##.#
#!.#.##.####.##.##..# .#
#.#................## .
#...################ #.#.# ..#.##
.#..P#


You could see a seven-headed hydra.

Vanquished Creatures
  The ghost of Heini the Cleaver, an experienced HOFi of Okawaru (D:7)
  An unseen horror (D:9)
  An orc knight (Orc:1)
  Pikel (D:6)
  An orc sorcerer (Orc:1)
  Joseph (D:10)
  A troll (D:9)
  Grinder (D:4)
  11 yaks
  A wyvern (D:9)
  A wraith (D:10)
  A deep elf mage (D:9)
  2 hungry ghosts
  A hill giant skeleton (D:8)
  Menkaure (D:5)
  6 wargs
  9 orc warriors
  3 sky beasts
  The ghost of Heini the Skirmisher, an average HOFi (D:4)
  An ice beast (D:5)
  2 spiders (D:8)
  A giant goldfish (Orc:2)
  2 boring beetles (D:8)
  5 ogres
  A centaur (D:10)
  Sigmund (D:6)
  A big kobold (D:8)
  2 giant slugs (Lair:1)
  Blork the orc (D:6)
  5 giant frogs
  2 water moccasin zombies (Ossuary)
  A warg zombie (Orc:1)
  3 scorpions
  5 wights (D:6)
  15 killer bees
  An electric eel (Orc:2)
  2 goliath beetles
  A hippogriff skeleton (D:9)
  A jelly (D:6)
  A two-headed ogre zombie (D:6)
  3 iguanas (Lair:1)
  25 orc priests
  5 hounds
  A centaur skeleton (D:6)
  A gnoll shaman (D:10)
  26 orc wizards
  9 worker ants
  3 big kobold zombies (Ossuary)
  A sky beast zombie (D:5)
  A hound zombie (D:5)
  A big kobold skeleton (D:8)
  A hound skeleton (D:10)
  2 mummies (Ossuary)
  6 gnolls
  12 adders
  An inept item mimic (D:8)
  3 shadow imps
  6 worms
  6 adder zombies (Ossuary)
  An orc skeleton (D:6)
  2 iguana skeletons
  A giant eyeball (D:7)
  2 giant geckos
  2 oozes (D:3)
  132 orcs
  12 bats
  2 bat skeletons
  A bat zombie (D:8)
  5 gnoll zombies (Ossuary)
  21 hobgoblins
  2 ball pythons (D:6)
  5 giant cockroaches
  7 giant newts
  18 goblins
  4 hobgoblin zombies (Ossuary)
  17 jackals
  24 kobolds
  6 kobold zombies (Ossuary)
  8 orc zombies
  3 quokkas
  14 rats
  2 rat skeletons
  A rat zombie (D:5)
  4 ballistomycetes (D:10)
  A plant (D:10)
509 creatures vanquished.

Vanquished Creatures (others)
  A giant newt (D:6)
  A giant spore (D:10)
2 creatures vanquished.

Grand Total: 511 creatures vanquished

Notes
Turn   | Place    | Note
--------------------------------------------------------------
     0 | D:1      | Heini, the Hill Orc Fighter, began the quest for the Orb.
     0 | D:1      | Reached XP level 1. HP: 19/19 MP: 1/1
    99 | D:1      | Reached XP level 2. HP: 27/27 MP: 2/2
   189 | D:1      | Reached skill level 4 in Fighting
   419 | D:1      | Reached XP level 3. HP: 33/33 MP: 3/3
   965 | D:3      | Found an iron altar of Okawaru.
   971 | D:3      | Became a worshipper of Warmaster Okawaru
  1066 | D:3      | Reached XP level 4. HP: 39/41 MP: 4/4
  1105 | D:3      | Reached XP level 5. HP: 8/47 MP: 5/5
  1881 | D:4      | Noticed Grinder
  1886 | D:4      | Paralysed by Grinder for 6 turns
  2251 | D:5      | Entered Level 5 of the Dungeon
  2272 | D:5      | Reached skill level 5 in Fighting
  2272 | D:5      | Reached skill level 5 in Armour
  2278 | D:5      | Reached skill level 5 in Axes
  2278 | D:5      | Reached XP level 6. HP: 36/56 MP: 6/6
  2389 | D:5      | Acquired Okawaru's first power
  2398 | D:5      | Noticed an ice beast
  2421 | D:5      | Killed an ice beast
  2499 | D:5      | Reached skill level 6 in Axes
  2500 | D:5      | Found a sand-covered staircase.
  2532 | Ossuary  | Entered an ossuary
  2580 | Ossuary  | Reached XP level 7. HP: 61/61 MP: 7/7
  2786 | Ossuary  | Reached skill level 7 in Axes
  2860 | D:5      | Found Lideut's Food Emporium.
  3208 | D:5      | Noticed a sky beast
  3210 | D:5      | Noticed Menkaure
  3224 | D:5      | Killed a sky beast
  3232 | D:5      | Killed Menkaure
  3232 | D:5      | Reached skill level 8 in Axes
  3232 | D:5      | Reached XP level 8. HP: 49/71 MP: 3/8
  3473 | D:5      | Reached skill level 9 in Axes
  3742 | D:5      | Found a staircase to the Ecumenical Temple.
  3749 | Temple   | Entered the Ecumenical Temple
  3988 | D:4      | Killed Grinder
  3988 | D:4      | Reached skill level 10 in Axes
  4273 | D:4      | Reached XP level 9. HP: 73/79 MP: 6/9
  4466 | D:4      | Noticed Heini's ghost (average HOFi)
  4493 | D:4      | Killed Heini's ghost
  4897 | D:6      | Reached skill level 11 in Axes
  4959 | D:6      | Noticed Sigmund
  4998 | D:6      | Killed Sigmund
  5238 | D:6      | Noticed Pikel
  5261 | D:6      | Killed Pikel
  5438 | D:6      | Found a deep blue altar of Sif Muna.
  5539 | D:6      | Noticed Blork the orc
  5554 | D:6      | Killed Blork the orc
  5601 | D:6      | Reached skill level 12 in Axes
  6154 | D:7      | Paralysed by a giant eyeball for 3 turns
  6161 | D:7      | Paralysed by a giant eyeball for 3 turns
  6262 | D:7      | Got an encrusted war axe
  6263 | D:7      | Identified the +8,+4 war axe "Ultimatum" {chop, +Blink rF+} (You found it on level 7 of the Dungeon)
  6333 | D:7      | Reached XP level 10. HP: 69/90 MP: 7/11
  6632 | D:7      | Noticed Heini's ghost (experienced HOFi)
  6684 | D:7      | Killed Heini's ghost
  6820 | D:7      | Found an ancient bone altar of Kikubaaqudgha.
  7084 | D:8      | Found a glowing golden altar of the Shining One.
  7096 | D:8      | Reached skill level 13 in Axes
  7614 | D:8      | Reached skill level 1 in Invocations
  7629 | D:8      | Acquired Okawaru's second power
  7984 | D:8      | Found a sparkling altar of Nemelex Xobeh.
  8140 | D:9      | Found a bloodstained altar of Trog.
  8355 | D:9      | Found a staircase to the Lair.
  8378 | D:9      | Reached skill level 14 in Axes
  8399 | D:9      | Received a gift from Okawaru
  8400 | D:9      | Got a pair of polished gloves {god gift}
  8404 | D:9      | Identified the -3 pair of gloves of Satisfaction {Str-3 Dex-2} (Okawaru gifted it to you on level 9 of the Dungeon)
  8466 | D:9      | Reached skill level 10 in Armour
  8477 | D:9      | Reached XP level 11. HP: 38/99 MP: 5/12
  8566 | D:9      | Reached skill level 10 in Fighting
  8856 | Lair:1   | Entered Level 1 of the Lair of Beasts
  9123 | Lair:1   | Noticed a seven-headed hydra
  9253 | D:10     | Entered Level 10 of the Dungeon
  9290 | D:9      | Killed an unseen horror
  9673 | D:10     | Reached skill level 15 in Axes
 10173 | D:10     | Noticed Joseph
 10196 | D:10     | Killed Joseph
 10244 | D:10     | Found a staircase to the Orcish Mines.
 10254 | Orc:1    | Entered Level 1 of the Orcish Mines
 10272 | Orc:1    | Noticed a soul eater
 10272 | Orc:1    | Noticed an orc knight
 10289 | Orc:1    | Killed an orc knight
 10811 | Orc:3    | Found Tyamoev's Book Emporium.
 10911 | Orc:3    | Found a staircase to the Elven Halls.
 10918 | Orc:3    | Reached skill level 16 in Axes
 11763 | Orc:2    | Reached XP level 12. HP: 44/110 MP: 7/13
 12107 | Orc:1    | Found Godarox's Antique Armour Shoppe.
 12413 | Orc:4    | Entered Level 4 of the Orcish Mines
 12413 | Orc:4    | Found Miguubri's Antique Armour Shop.
 12413 | Orc:4    | Found Wojiasch's Jewellery Shop.
 12413 | Orc:4    | Noticed an orc high priest
 12413 | Orc:4    | Noticed an orc warlord
 12531 | Lair:1   | HP: 6/165 [seven-headed hydra (6)]
 12539 | Lair:1   | HP: 3/110 [seven-headed hydra (3)]
 12539 | Lair:1   | Slain by a seven-headed hydra

Action                   |  1- 3 |  4- 6 |  7- 9 | 10-12 || total
-------------------------+-------+-------+-------+-------++-------
Melee: War axe           |   118 |   166 |   332 |   638 ||  1254
       Hand axe          |       |       |   294 |       ||   294
       Flail             |       |       |       |    13 ||    13
Invok: Heroism           |       |       |     1 |     1 ||     2
 Abil: Evoke Blink       |       |       |       |     1 ||     1
Evoke: Wand              |       |       |     3 |     4 ||     7
  Use: Potion            |       |     1 |     8 |     4 ||    13
       Scroll            |       |     8 |     9 |     8 ||    25
